 Dungeon Sprint DCSS version 0.31.0-12-g77e489cdc1 (webtiles) character file.

Game seed: 14980113749878450850

8200000 Groucho the Intangible (level 27, -4/174 HPs)
             Began as a Spriggan Brigand on Feb 21, 2024.
             Was the Champion of Makhleb.
             Slain by The Servant
             ... wielding a +9 glaive of flaming
              (124 damage)
             ... in the Dungeon (Sprint VIII: "Arena of Blood").
             The game lasted 00:04:19 (82 turns).

Groucho the Intangible (Spriggan Brigand)             Turns: 82, Time: 00:04:20

Health: -4/174     AC:  6    Str:  9    XL:     27
Magic:  28/55      EV: 49    Int: 16    God:    Makhleb [******]
Gold:   0          SH:  0    Dex: 25    Spells: 80/80 levels left

rFire   . . .        l - +∞ Axe of Woe
rCold   . . .        (shield currently unavailable)
rNeg    . . .        b - +0 robe
rPois   .            (helmet restricted)
rElec   .            c - +0 cloak
rCorr   .            (gloves unavailable)
SInv    +            (boots unavailable)
Will    ++++.        (no amulet)
Stlth   ++++++++++   m - +200 ring of slaying
HPRegen 0.49/turn    (no ring)
MPRegen 0.34/turn

%: no teleportation
@: very quick
A: very small, no large weapons, unfitting armour, see invisible, speed 3
a: Renounce Religion, Minor Destruction, Lesser Servant of Makhleb, Major
Destruction, Greater Servant of Makhleb


You were in the Dungeon.
You worshipped Makhleb.
Makhleb was exalted by your worship.
You visited 1 branch

Inventory:

Hand Weapons
 a - a +2 dagger
 l - the +∞ Axe of Woe (weapon)
   (You found it in the Dungeon)
Missiles
 d - 9 poisoned darts (quivered)
 e - 3 curare-tipped darts
Armour
 b - a +0 robe (worn)
 c - a +0 cloak (worn)
Jewellery
 m - a +200 ring of slaying (left hand)
Scrolls
 k - a scroll of blinking
Potions
 f - a potion of curing
 g - a potion of heal wounds
 h - a potion of haste
 i - 2 potions of magic
 j - a potion of berserk rage


   Skills:
 O Level 27 Fighting
 O Level 27 Short Blades
 + Level 20.4(24.0) Long Blades
 O Level 27 Axes
 + Level 18.9(26.5) Maces & Flails
 + Level 18.9(26.5) Polearms
 + Level 18.9(24.5) Staves
 + Level 23.8 Ranged Weapons
 + Level 24.0 Throwing
 O Level 27 Armour
 O Level 27 Dodging
 O Level 27 Stealth
 + Level 19.1 Shields
 + Level 20.6 Unarmed Combat
 O Level 27 Spellcasting
 + Level 19.2 Conjurations
 O Level 27 Hexes
 + Level 22.0 Summonings
 + Level 23.6 Necromancy
 O Level 27 Translocations
 + Level 21.9 Fire Magic
 + Level 22.0 Ice Magic
 + Level 23.6 Air Magic
 + Level 23.6 Earth Magic
 O Level 27 Alchemy
 O Level 27 Invocations
 O Level 27 Evocations
 O Level 27 Shapeshifting


You had 80 spell levels left.
You didn't know any spells.
Your spell library was empty.

Dungeon Overview and Level Annotations

Branches:
Dungeon (1/1)

Altars:
Makhleb

Annotations:
D The Captor, The Servant


Innate Abilities, Weirdness & Mutations

You are very small and have problems with some larger weapons.
You are too small for most types of armour.
You have supernaturally acute eyesight. (SInv)
You cover ground extremely quickly. (Speed+++)


Message History

Press < or > to pray at altars.
You slice the accursed!! You chop the accursed into pieces.
You destroy the accursed!
Makhleb accepts your kill.
You feel better.
You feel extremely nervous for a moment...
Your body is wracked with pain!
You are engulfed in blazing flames.
A bag of meat comes into view. It is wielding a +9 war axe.
The bag of meat is engulfed in blazing flames.
The Captor comes into view.
He is wielding a +9 heavy triple sword.
Your base Long Blades skill increases to level 20!
Your Throwing skill increases to level 24!
Your Shields skill increases to level 19!
Your Conjurations skill increases to level 19!
Your Summonings skill increases to level 22!
Your Ice Magic skill increases to level 22!
Unknown command.
Press < or > to pray at altars.
The bag of meat shouts!
You cut the bag of meat into ribbons!!!!
You chop the bag of meat into pieces.
You kill the bag of meat!
Makhleb accepts your kill.
You feel better.
You carve the meat beast like a ham!!!
You cleave the meat beast in twain.
You kill the meat beast!
Makhleb accepts your kill.
You dice the meat berserker like an onion!!!
You hew the meat berserker violently.
You kill the meat berserker!
Makhleb accepts your kill.
You feel better.
You carve the bag of meat like a ham!!!!
You dissect the bag of meat like a pig carcass.
You kill the bag of meat!
Makhleb accepts your kill.
You feel better.
You are engulfed in blazing flames.
The Servant hits you from afar with a +9 glaive of flaming!!!!
Ouch! That really hurt!
You die...

#.. ...# o #..
...# . .o###..
...###..
......V###o.....
........_.V.....
. #°W)).# ...
#_)<)_# .
....O#)))§W#L.O.
...oOoO§@§o.2..o
...o.§@###.o....
..###Mo .o§###@.
. #.§ ...# . #§.
..O#


Xoo ...V. OXXo o§ .MzW You could see an accursed, a meat beast (fast), a tyrant,
The Servant, 2 destroyers, a dread, 4 meat berserkers, a wretched soul
(invisible), The Captor and 7 bags of meat.

Vanquished Creatures
  2 hell beasts (D)
  2 royal mummies (D)
  15 vampire knights (D)
  29 ogres (D)
  8 two-headed ogres (D)
  2 liches (D)
  2 hydras (D)
  59 orcs (D)
  6 skeletal warriors (D)
125 creatures vanquished.

Notes
Turn   | Place    | Note
-------+----------+-------------------------------------------
     0 | D        | Found the +∞ Axe of Woe
     0 | D        | Groucho the Spriggan Brigand began the quest for the Orb.
     0 | D        | Reached XP level 1. HP: 10/10 MP: 2/2
     2 | D        | Noticed a bag of meat
     2 | D        | Noticed a bag of meat
     4 | D        | Noticed a bag of meat
     4 | D        | Became a worshipper of Makhleb the Destroyer
     4 | D        | Noticed a bag of meat
     7 | D        | Killed a bag of meat
     7 | D        | Noticed a bag of meat
     8 | D        | Reached skill level 15 in Axes
     8 | D        | Reached XP level 2. HP: 14/14 MP: 3/3
     8 | D        | Reached XP level 3. HP: 18/18 MP: 4/4
     8 | D        | Reached XP level 4. HP: 22/22 MP: 5/5
     8 | D        | Reached XP level 5. HP: 25/25 MP: 6/6
     8 | D        | Reached XP level 6. HP: 30/30 MP: 7/7
     8 | D        | Reached XP level 7. HP: 33/33 MP: 8/8
     8 | D        | Reached XP level 8. HP: 37/37 MP: 9/9
     8 | D        | Reached XP level 9. HP: 41/41 MP: 10/10
     8 | D        | Reached XP level 10. HP: 46/46 MP: 11/11
     9 | D        | Noticed a bag of meat
    10 | D        | Killed a bag of meat
    10 | D        | Reached * piety under Makhleb
    10 | D        | Killed a bag of meat
    11 | D        | Reached skill level 27 in Dodging
    11 | D        | Reached XP level 11. HP: 49/49 MP: 12/12
    11 | D        | Reached XP level 12. HP: 53/53 MP: 13/13
    11 | D        | Noticed a meat berserker
    11 | D        | Noticed a meat berserker
    12 | D        | Noticed a bag of meat
    12 | D        | Noticed a bag of meat
    12 | D        | Noticed a bag of meat
    13 | D        | Noticed a meat berserker
    13 | D        | Noticed a meat berserker
    13 | D        | Noticed a bag of meat
    14 | D        | Noticed a bag of meat
    14 | D        | Noticed a bag of meat
    15 | D        | Killed a bag of meat
    15 | D        | Noticed a bag of meat
    15 | D        | Noticed a bag of meat
    16 | D        | Reached XP level 13. HP: 57/57 MP: 14/14
    16 | D        | Killed a meat berserker
    16 | D        | Reached ** piety under Makhleb
    16 | D        | Killed a bag of meat
    17 | D        | Reached XP level 14. HP: 61/61 MP: 15/15
    17 | D        | Killed a meat berserker
    17 | D        | Noticed a bag of meat
    17 | D        | Noticed a bag of meat
    18 | D        | Reached skill level 27 in Axes
    18 | D        | Killed a bag of meat
    18 | D        | Reached *** piety under Makhleb
    18 | D        | Noticed a bag of meat
    18 | D        | Noticed a bag of meat
    18 | D        | Noticed a bag of meat
    19 | D        | Reached skill level 15 in Fighting
    19 | D        | Killed a bag of meat
    19 | D        | Killed a meat berserker
    20 | D        | Reached XP level 15. HP: 100/100 MP: 16/16
    22 | D        | Killed a meat berserker
    22 | D        | Reached **** piety under Makhleb
    22 | D        | Noticed a meat berserker
    23 | D        | Noticed a destroyer
    25 | D        | Reached XP level 16. HP: 114/114 MP: 17/17
    26 | D        | Reached skill level 27 in Fighting
    26 | D        | Reached ***** piety under Makhleb
    26 | D        | Noticed a destroyer
    27 | D        | Noticed a destroyer
    27 | D        | Noticed a meat berserker
    29 | D        | Reached XP level 17. HP: 121/121 MP: 17/30
    29 | D        | Noticed an eight-headed meat hydra
    29 | D        | Noticed a meat berserker
    30 | D        | Reached skill level 15 in Armour
    30 | D        | Killed a destroyer
    30 | D        | Killed a meat berserker
    30 | D        | Reached ****** piety under Makhleb
    30 | D        | Killed a destroyer
    30 | D        | Noticed a meat berserker
    31 | D        | Reached XP level 18. HP: 66/127 MP: 17/36
    31 | D        | Noticed a sculptor of flesh
    33 | D        | Noticed a meat berserker
    34 | D        | Noticed a sculptor of flesh
    34 | D        | Killed a meat berserker
    34 | D        | Noticed a meat berserker
    34 | D        | Noticed a meat berserker
    35 | D        | Reached skill level 27 in Invocations
    35 | D        | Killed a destroyer
    37 | D        | Killed a meat berserker
    38 | D        | Killed a sculptor of flesh
    38 | D        | Killed a nine-headed meat hydra
    39 | D        | Reached skill level 27 in Armour
    39 | D        | Reached XP level 19. HP: 132/132 MP: 19/37
    40 | D        | Killed a meat berserker
    40 | D        | Killed a meat berserker
    41 | D        | Reached skill level 27 in Stealth
    41 | D        | Reached skill level 1 in Ranged Weapons
    41 | D        | Reached skill level 1 in Spellcasting
    41 | D        | Reached skill level 1 in Hexes
    41 | D        | Reached skill level 1 in Summonings
    41 | D        | Reached skill level 1 in Necromancy
    41 | D        | Reached skill level 1 in Fire Magic
    41 | D        | Reached skill level 1 in Ice Magic
    41 | D        | Reached skill level 1 in Air Magic
    41 | D        | Reached skill level 1 in Earth Magic
    41 | D        | Reached skill level 1 in Alchemy
    41 | D        | Reached skill level 1 in Evocations
    41 | D        | Reached skill level 1 in Shapeshifting
    41 | D        | Killed a meat berserker
    42 | D        | Reached skill level 5 in Translocations
    42 | D        | Killed a meat berserker
    42 | D        | Noticed a large bag of meat
    43 | D        | Reached skill level 5 in Short Blades
    43 | D        | Reached skill level 5 in Hexes
    43 | D        | Reached skill level 5 in Evocations
    43 | D        | Reached skill level 5 in Shapeshifting
    43 | D        | Noticed a destroyer
    43 | D        | Noticed a meat berserker
    43 | D        | Noticed a large bag of meat
    43 | D        | Noticed a destroyer
    44 | D        | Noticed a destroyer
    45 | D        | Reached skill level 5 in Throwing
    45 | D        | Reached skill level 5 in Spellcasting
    45 | D        | Reached skill level 5 in Necromancy
    45 | D        | Reached skill level 5 in Air Magic
    45 | D        | Reached skill level 5 in Earth Magic
    45 | D        | Noticed a large bag of meat
    45 | D        | Noticed a meat berserker
    46 | D        | Reached skill level 5 in Ranged Weapons
    46 | D        | Reached skill level 5 in Summonings
    46 | D        | Reached skill level 5 in Fire Magic
    46 | D        | Reached skill level 5 in Ice Magic
    46 | D        | Noticed a destroyer
    46 | D        | Noticed a large bag of meat
    47 | D        | Reached skill level 5 in Long Blades
    47 | D        | Reached skill level 5 in Unarmed Combat
    47 | D        | Noticed a meat berserker
    47 | D        | Noticed a meat berserker
    48 | D        | Reached skill level 10 in Translocations
    48 | D        | Reached XP level 20. HP: 137/137 MP: 20/38
    48 | D        | Noticed a destroyer
    48 | D        | Noticed a destroyer
    49 | D        | Reached skill level 5 in Maces & Flails
    49 | D        | Reached skill level 5 in Polearms
    49 | D        | Reached skill level 5 in Staves
    49 | D        | Reached skill level 5 in Shields
    49 | D        | Reached skill level 5 in Conjurations
    49 | D        | Reached skill level 10 in Evocations
    49 | D        | Killed a meat berserker
    49 | D        | Killed a destroyer
    49 | D        | Noticed a meat berserker
    49 | D        | Noticed a meat berserker
    50 | D        | Reached skill level 10 in Short Blades
    50 | D        | Reached skill level 10 in Spellcasting
    50 | D        | Reached skill level 10 in Alchemy
    51 | D        | Noticed a tyrant
    51 | D        | Noticed a meat berserker
    51 | D        | Noticed a meat berserker
    52 | D        | Killed a destroyer
    53 | D        | Killed a destroyer
    53 | D        | Killed a meat berserker
    53 | D        | Noticed a large bag of meat
    54 | D        | Reached skill level 10 in Ranged Weapons
    54 | D        | Reached skill level 10 in Summonings
    54 | D        | Reached skill level 10 in Fire Magic
    54 | D        | Reached skill level 10 in Ice Magic
    54 | D        | Reached skill level 15 in Evocations
    54 | D        | Reached XP level 21. HP: 142/142 MP: 21/39
    54 | D        | Noticed a tyrant
    54 | D        | Killed a tyrant
    54 | D        | Killed a destroyer
    54 | D        | Killed a large bag of meat
    54 | D        | Noticed a destroyer
    55 | D        | Reached skill level 10 in Long Blades
    55 | D        | Reached skill level 10 in Unarmed Combat
    55 | D        | Killed a destroyer
    56 | D        | Reached skill level 15 in Short Blades
    56 | D        | Reached skill level 15 in Spellcasting
    56 | D        | Reached skill level 15 in Alchemy
    56 | D        | Reached XP level 22. HP: 109/148 MP: 22/42
    56 | D        | Killed a large bag of meat
    56 | D        | Noticed a large bag of meat
    56 | D        | Noticed a destroyer
    57 | D        | Reached skill level 10 in Maces & Flails
    57 | D        | Reached skill level 10 in Polearms
    57 | D        | Reached skill level 10 in Staves
    57 | D        | Reached skill level 10 in Shields
    57 | D        | Reached skill level 10 in Conjurations
    57 | D        | Killed a large bag of meat
    59 | D        | Noticed an accursed
    59 | D        | Noticed a large bag of meat
    59 | D        | Noticed a destroyer
    60 | D        | Reached skill level 15 in Necromancy
    60 | D        | Reached skill level 15 in Air Magic
    60 | D        | Reached skill level 15 in Earth Magic
    60 | D        | Reached XP level 23. HP: 98/153 MP: 22/45
    60 | D        | Killed a large bag of meat
    60 | D        | Noticed a tyrant
    60 | D        | Noticed a large bag of meat
    61 | D        | Reached skill level 15 in Ranged Weapons
    61 | D        | Reached skill level 15 in Throwing
    62 | D        | Killed a destroyer
    63 | D        | Reached skill level 15 in Summonings
    63 | D        | Reached skill level 15 in Fire Magic
    63 | D        | Reached skill level 15 in Ice Magic
    63 | D        | Killed a destroyer
    64 | D        | Reached XP level 24. HP: 131/158 MP: 23/48
    65 | D        | Noticed a meat beast
    65 | D        | Noticed a destroyer
    66 | D        | Reached skill level 15 in Long Blades
    66 | D        | Reached skill level 15 in Unarmed Combat
    66 | D        | Killed a destroyer
    66 | D        | Killed a destroyer
    66 | D        | Noticed a destroyer
    67 | D        | Reached skill level 27 in Translocations
    67 | D        | Reached XP level 25. HP: 132/163 MP: 24/49
    67 | D        | Noticed a destroyer
    68 | D        | Killed a meat beast
    69 | D        | Reached skill level 15 in Maces & Flails
    69 | D        | Reached skill level 15 in Polearms
    69 | D        | Reached skill level 15 in Staves
    69 | D        | Reached skill level 15 in Shields
    69 | D        | Reached skill level 15 in Conjurations
    69 | D        | Reached skill level 27 in Evocations
    69 | D        | Killed a destroyer
    69 | D        | Noticed The Servant
    69 | D        | Noticed a large bag of meat
    70 | D        | Killed a large bag of meat
    71 | D        | Killed a destroyer
    72 | D        | Reached XP level 26. HP: 90/169 MP: 25/52
    73 | D        | Noticed an accursed
    73 | D        | Killed a large bag of meat
    73 | D        | Noticed an accursed
    74 | D        | Killed a destroyer
    74 | D        | Killed an accursed
    74 | D        | Noticed a dread
    74 | D        | Noticed an accursed
    74 | D        | Noticed a destroyer
    75 | D        | Reached skill level 27 in Hexes
    75 | D        | Reached skill level 27 in Shapeshifting
    75 | D        | Noticed a meat beast
    75 | D        | Noticed a dread
    76 | D        | Noticed a tyrant
    76 | D        | Killed a large bag of meat
    76 | D        | Noticed an accursed
    77 | D        | Killed a tyrant
    78 | D        | Reached XP level 27. HP: 116/174 MP: 26/54
    78 | D        | Noticed a tyrant
    78 | D        | Noticed a destroyer
    79 | D        | Killed a large bag of meat
    80 | D        | Reached skill level 27 in Spellcasting
    80 | D        | Noticed a meat beast
    81 | D        | Reached skill level 27 in Short Blades
    81 | D        | Reached skill level 27 in Alchemy
    81 | D        | Killed an accursed
    81 | D        | Noticed The Captor
    82 | D        | Killed a meat beast
    82 | D        | Slain by The Servant

Illustrated notes

Levels and vault maps discovered:
D:        meatsprint

Skill      XL: |  1  2  3  4  5  6  7  8  9 10 11 12 13 14 15 16 17 18 19 20 21 22 23 24 25 26 27 |
---------------+----------------------------------------------------------------------------------+-----
Axes           | 15 20 22 26 27 | 27.0
Dodging        | 23 27 | 27.0
Fighting       | 21 25 27 | 27.0
Armour         | 13 21 27 | 27.0
Invocations    | 17 26 27 | 27.0
Stealth        | 21 27 | 27.0
Ranged Weapons | 6 10 12 14 17 18 20 22 23 | 23.8
Spellcasting   | 7 12 15 17 20 21 24 26 27 | 27.0
Hexes          | 8 14 16 19 22 23 26 27 | 27.0
Summonings     | 6 10 12 13 16 17 19 21 22 | 22.0
Necromancy     | 6 11 13 15 17 19 21 22 23 | 23.6
Translocations | 10 16 19 22 25 27 | 27.0
Fire Magic     | 6 10 12 13 16 17 19 21 | 21.9
Ice Magic      | 6 10 12 13 16 17 19 21 22 | 22.0
Air Magic      | 6 11 13 15 17 19 21 22 23 | 23.6
Earth Magic    | 6 11 13 15 17 19 21 22 23 | 23.6
Alchemy        | 7 13 15 17 20 22 24 26 27 | 27.0
Evocations     | 9 15 18 20 23 25 27 | 27.0
Shapeshifting  | 8 14 16 19 22 23 26 27 | 27.0
Short Blades   | 8 13 15 17 20 22 24 26 27 | 27.0
Long Blades    | 5 9 10 12 14 15 17 19 20 | 20.4
Maces & Flails | 4 8 9 11 13 14 16 18 | 18.9
Polearms       | 4 8 9 11 13 14 16 18 | 18.9
Staves         | 4 8 9 11 13 14 16 18 | 18.9
Throwing       | 6 11 12 14 17 18 21 23 24 | 24.0
Shields        | 4 8 9 11 13 14 16 18 19 | 19.1
Unarmed Combat | 5 9 10 12 14 15 18 19 20 | 20.6
Conjurations   | 4 8 9 11 13 14 16 18 19 | 19.2

Action                     |  1- 3 |  4- 6 |  7- 9 | 10-12 | 13-15 | 16-18 | 19-21 | 22-24 | 25-27 || total
---------------------------+-------+-------+-------+-------+-------+-------+-------+-------+-------++-------
  Melee: Broad axe         |     1 |       |       |     2 |     6 |    11 |    15 |    11 |    15 ||    61
 Armour: Robe              |       |       |       |       |       |     1 |     3 |    17 |    22 ||    43
  Dodge: Dodged            |       |       |       |       |       |       |     2 |       |       ||     2
